 Dungeon Crawl Stone Soup version 0.19.1-1-g22dce08 (webtiles) character file.

1312 Riptide90k the Chopper (level 8, -1/63 HPs)
             Began as a Demonspawn Berserker on Dec 29, 2016.
             Was a Priest of Trog.
             Slain by a hornet (8 damage)
             ... on level 5 of the Dungeon.
             The game lasted 00:51:37 (3899 turns).

Riptide90k the Chopper (Demonspawn Berserker)       Turns: 3899, Time: 00:51:38

Health: -1/63      AC:  7    Str: 19    XL:     8   Next: 32%
Magic:  8/8        EV: 11    Int:  9    God:    Trog [***...]
Gold:   295        SH:  3    Dex: 13    Spells: 0 memorised, 7 levels left

rFire  . . .     SeeInvis .     y - +1 hand axe (elec)
rCold  . . .     Gourm    .     G - +0 scale mail
rNeg   . . .     Faith    .     (no shield)
rPois  .         Spirit   .     e - +0 hat
rElec  .         Reflect  +     (no cloak)
rCorr  +         Harm     .     (no gloves)
MR     .....                    (no boots)
Stlth  ..........               A - +3 amulet of reflection
                                (no ring)
                                d - ring of resist corrosion

@: lethally poisoned (-1 -> -27), slowed, very slow
A: claws 1, demonic guardian 1, powered by death 2
a: Berserk, Trog's Hand, Burn Spellbooks, Renounce Religion


You were on level 5 of the Dungeon.
You worshipped Trog.
Trog was most pleased with you.
You were not hungry.

You visited 2 branches of the dungeon, and saw 6 of its levels.

You collected 295 gold pieces.

Inventory:

Hand Weapons
 a - a +0 hand axe
 i - a +0 club
 o - a +2 short sword of freezing
 x - a +0 club
 y - a +1 hand axe of electrocution (weapon)
 z - a +0 flail
 C - a +0 falchion
 I - a +0 whip of flaming {e}
 L - a +0 spear
Missiles
 g - 99 arrows
 m - 3 javelins (quivered)
 Q - 16 poisoned needles
Armour
 b - a +0 animal skin
 e - a +0 hat (worn)
 f - a +0 robe
 k - a +0 ring mail
 l - a +0 ring mail
 n - a +0 leather armour
 r - a +0 ring mail
 G - a +0 scale mail (worn)
Jewellery
 d - a ring of resist corrosion (left claw)
 A - a +3 amulet of reflection (around neck)
Wands
 w - a wand of polymorph (10/24)
Scrolls
 q - 7 scrolls of identify {unknown}
 s - 2 scrolls of enchant weapon {unknown}
 t - 3 scrolls of remove curse
 u - a scroll of recharging {unknown}
 v - a scroll of noise {unknown}
 F - 2 scrolls of teleportation {unknown}
 M - a scroll of fear {unknown}
 O - a scroll of immolation {unknown}
 R - a scroll of silence {unknown}
Potions
 p - a potion of cancellation {unknown}
 B - 3 potions of curing {unknown}
 E - 2 potions of heal wounds {unknown}
 J - a potion of resistance {unknown}
 K - a potion of haste
 N - a potion of mutation {unknown}
 P - a potion of agility {unknown}
Books
 c - a book of Misfortune

   Spells                             Type                      Level
   a - Confusing Touch                Hexes                        1
   b - Confuse                        Hexes                        3
   c - Gell's Gravitas                Hexes/Translocation          3
   d - Petrify                        Transmutation/Earth          4
   e - Metabolic Englaciation         Hexes/Ice                    5
   f - Yara's Violent Unravelling     Hexes/Transmutation          5
   Trog disapproves of the use of such an item.
Comestibles
 h - a meat ration
 j - 3 fruits
 D - 2 bread rations


   Skills:
 + Level 5.4 Fighting
 + Level 1.6 Short Blades
 + Level 5.6 Axes
 + Level 5.0 Armour
 + Level 3.9 Dodging
 + Level 1.7 Stealth


You had 7 spell levels left.
You didn't know any spells.

Dungeon Overview and Level Annotations

Branches:
Dungeon (5/15)             Temple (1/1) D:5

Altars:
Ashenzari
Cheibriados
Elyvilon
Kikubaaqudgha
Nemelex Xobeh
Qazlal
Ru
Sif Muna
Trog
Uskayaw
Vehumet
Xom
Yredelemnul
Zin


Innate Abilities, Weirdness & Mutations

You have sharp fingernails.
A weak demonic guardian rushes to your aid.
You regenerate health from kills.


Message History

You feel sick. The hornet completely misses you.
Your white imp closely misses the hornet.
The hornet completely misses you.
You can move again.
You miss the hornet.
You feel sick. The hornet stings you!
You are more poisoned.
You shrug off the repeated paralysis!
Your white imp misses the hornet.
You closely miss the hornet.
You feel sick. The hornet stings you.
You feel yourself slow down.
Your white imp hits the hornet but does no damage.
The hornet stings you!
* * * LOW HITPOINT WARNING * * *
You are more poisoned.
You feel as though you will be slow longer.
You slash the hornet!
The hornet is moderately wounded.
* * * LOW HITPOINT WARNING * * *
You feel very sick. The hornet stings you!
You die...

#....# ###....#
#..........# .......#
#..........# .......#
#..........# .......#
#..........# .......#
#..........# ..>....#
#..........#
.....<.#####..........#
..............5y@.....#
......########...#####.#
#####..# #...# # ##..#
#...... # #...#
#..#..##.. ####...#
##.##..# ..
..##...###........ .
...........#....#....
#.#............# ...


You could see a hornet and a friendly white imp.

Vanquished Creatures
  Pikel (D:4)
  An ice beast (D:5)
  A sky beast (D:5)
  An ogre (D:5)
  2 slaves (D:4)
  A phantom (D:5)
  A bullfrog (D:4)
  A howler monkey (D:4)
  2 hounds
  Jessica (D:3)
  2 orc wizards (D:3)
  6 adders
  2 oozes (D:3)
  An adder skeleton (D:4)
  2 worms
  6 leopard geckos
  11 orcs
  3 giant cockroaches
  5 goblins
  9 hobgoblins
  3 jackals (D:2)
  6 kobolds
  3 quokkas
  5 bats
  3 frilled lizards
  A leopard gecko skeleton (D:4)
  A quokka skeleton (D:4)
  8 rats
89 creatures vanquished.

Vanquished Creatures (collateral kills)
  An ice beast (D:5)
  A howler monkey (D:5)
  A hound (D:4)
  A jackal (D:2)
4 creatures vanquished.

Vanquished Creatures (others)
  An iguana (D:4)
  A worker ant (D:4)
2 creatures vanquished.

Grand Total: 95 creatures vanquished

Notes
Turn   | Place    | Note
-------+----------+-------------------------------------------
     0 | D:1      | Riptide90k the Demonspawn Berserker began the quest for the Orb.
     0 | D:1      | Reached XP level 1. HP: 18/18 MP: 1/1
   258 | D:1      | Gained mutation: A weak demonic guardian rushes to your aid. [demonic ancestry]
   258 | D:1      | Reached XP level 2. HP: 15/24 MP: 2/2
   908 | D:2      | Gained mutation: You have sharp fingernails. [demonic ancestry]
   908 | D:2      | Reached XP level 3. HP: 15/29 MP: 3/3
   965 | D:2      | Reached ** piety under Trog
  1458 | D:3      | Found a shattered altar of Ashenzari.
  1462 | D:3      | Reached XP level 4. HP: 37/37 MP: 4/4
  1504 | D:3      | Noticed Jessica
  1510 | D:3      | Killed Jessica
  1797 | D:3      | Reached skill level 1 in Short Blades
  1797 | D:3      | Reached XP level 5. HP: 42/42 MP: 5/5
  2415 | D:4      | Noticed a slave
  2416 | D:4      | Noticed a slave
  2416 | D:4      | Noticed a slave
  2417 | D:4      | Noticed Pikel
  2417 | D:4      | Noticed a slave
  2424 | D:4      | Killed a slave
  2427 | D:4      | Killed a slave
  2436 | D:4      | Killed Pikel
  2436 | D:4      | Reached skill level 1 in Stealth
  2436 | D:4      | Gained mutation: You regenerate a little health from kills. [demonic ancestry]
  2436 | D:4      | Reached XP level 6. HP: 49/49 MP: 6/6
  2436 | D:4      | Reached XP level 7. HP: 55/55 MP: 7/7
  2611 | D:4      | Found a bloodstained altar of Trog.
  2713 | D:4      | Reached *** piety under Trog
  3049 | D:4      | Reached skill level 5 in Fighting
  3049 | D:4      | Reached skill level 5 in Axes
  3395 | D:5      | Entered Level 5 of the Dungeon
  3479 | D:5      | Found a staircase to the Ecumenical Temple.
  3491 | D:5      | Gained mutation: You regenerate health from kills. [demonic ancestry]
  3491 | D:5      | Reached XP level 8. HP: 62/62 MP: 8/8
  3549 | Temple   | Entered the Ecumenical Temple
  3727 | D:5      | Found a sacrificial altar of Ru.
  3810 | D:5      | Reached skill level 5 in Armour
  3889 | D:5      | Noticed a hornet
  3894 | D:5      | Paralysed by a hornet for 3 turns
  3899 | D:5      | Slain by a hornet

Skill      XL: |  1  2  3  4  5  6  7  8 |
---------------+-------------------------+-----
Dodging        | 2 3 |  3.9
Armour         | 2 4 5 |  5.0
Axes           | 3 4 5 |  5.6
Short Blades   | 1 |  1.6
Fighting       | 4 5 |  5.4
Stealth        | 1 |  1.7

Action                   |  1- 3 |  4- 6 |  7- 9 || total
-------------------------+-------+-------+-------++-------
Melee: Hand axe          |    55 |    84 |    94 ||   233
       Short sword       |     9 |    28 |       ||    37
Invok: Berserk           |     9 |     6 |     3 ||    18
       Trog's Hand       |       |     2 |     1 ||     3
  Use: Potion            |     5 |       |       ||     5
       Scroll            |     1 |       |       ||     1
 Stab: Invisible         |     1 |       |       ||     1
       Distracted        |       |     1 |       ||     1
  Eat: Bread ration      |     2 |     2 |       ||     4
       Meat ration       |       |     1 |     1 ||     2
       Beef jerky        |       |       |     1 ||     1
Armor: Robe              |     9 |       |       ||     9
       Ring mail         |    20 |    15 |       ||    35
       Scale mail        |       |    13 |    24 ||    37
Dodge: Dodged            |    66 |    50 |    39 ||   155
Block: Other             |       |     8 |    10 ||    18
